 Dungeon Crawl Stone Soup version 0.23-a0-344-ge122d05652 (webtiles) character file.

1602 Banto the Spear-Bearer (level 8, 0/56 HPs)
             Began as a Demonspawn Gladiator on Oct 19, 2018.
             Was a Follower of Okawaru.
             Slain by a hippogriff (7 damage)
             ... on level 7 of the Dungeon.
             The game lasted 00:08:57 (5269 turns).

Banto the Spear-Bearer (Demonspawn Gladiator)       Turns: 5269, Time: 00:08:58

Health: 0/56       AC: 11    Str: 19    XL:     8   Next: 62%
Magic:  8/8        EV: 12    Int:  9    God:    Okawaru [*.....]
Gold:   249        SH:  0    Dex: 16    Spells: 7/7 levels left

rFire    . . .     SeeInvis .   a - +1 trident
rCold    . . .     Gourm    .   (no shield)
rNeg     . . .     Faith    .   l - +0 scale mail
rPois    .         Spirit   .   c - +0 helmet
rElec    .         Reflect  .   (no cloak)
rCorr    +         Harm     .   z - +1 pair of gloves {Str+3}
MR       .....                  b - +1 pair of boots
Stlth    ..........             g - amulet of regeneration
HPRegen  0.58/turn              (no ring)
MPRegen  0.11/turn              e - ring of resist corrosion

@: no status effects
A: claws 1, demonic guardian 1, sturdy frame 2
a: Heroism, Renounce Religion


You were on level 7 of the Dungeon.
You worshipped Okawaru.
Okawaru was aware of your devotion.
You were not hungry.

You visited 2 branches of the dungeon, and saw 8 of its levels.
You also visited: Ossuary.

You collected 249 gold pieces.

Inventory:

Hand Weapons
 a - a +1 trident (weapon)
 o - a +0 trident
Missiles
 d - 3 throwing nets (quivered)
Armour
 b - a +1 pair of boots (worn)
 c - a +0 helmet (worn)
 l - a +0 scale mail (worn)
 q - a +0 pair of gloves
 z - a +1 pair of gloves of strength (worn)
Jewellery
 e - a ring of resist corrosion (right hand)
 g - an amulet of regeneration (around neck)
 i - an uncursed ring of flight
 w - an uncursed ring of ice
Wands
 j - a wand of polymorph (13)
 p - a wand of flame (25)
Scrolls
 h - 2 scrolls of enchant weapon
 v - a scroll of magic mapping
 y - 6 scrolls of teleportation
 C - a scroll of amnesia
Potions
 k - 2 potions of might
 m - a potion of berserk rage {unknown}
 n - a potion of invisibility
 r - 2 potions of flight
 s - a potion of magic
 t - 2 potions of brilliance
 u - 2 potions of agility
 x - 7 potions of curing
 A - a potion of lignification
 D - a potion of ambrosia {unknown}
 E - a potion of cancellation {unknown}
 F - a potion of heal wounds {unknown}
 G - a potion of mutation {unknown}
Comestibles
 f - 14 rations
 B - 7 chunks of flesh


   Skills:
 - Level 2.0 Fighting
 + Level 10.3 Polearms
 - Level 1.7 Throwing
 - Level 2.6 Dodging


You had 7 spell levels left.
You didn't know any spells.
Your spell library was empty.

Dungeon Overview and Level Annotations

Branches:
Dungeon (7/15)             Temple (1/1) D:6

Altars:
Cheibriados
Dithmenos
Elyvilon
Hepliaklqana
Kikubaaqudgha
Makhleb
Nemelex Xobeh
Okawaru
Qazlal
Sif Muna
Trog
Uskayaw
Vehumet
Wu Jian
Xom
Zin
The Shining One

Annotations:
D:4 1 runed door, grizmgrazm2's ghost, amateur OpTm


Innate Abilities, Weirdness & Mutations

You have sharp fingernails.
A weak demonic guardian rushes to your aid.
Your movements are less encumbered by armour. (ER -4)


Message History

The centaur hits you but does no damage.
The hippogriff bites you.
The hippogriff pecks you but does no damage.
The hippogriff claws you.
* * * LOW HITPOINT WARNING * * *
Your ufetubus hits the centaur.
Your ufetubus barely misses the centaur.
You take 8 damage, and have 15/56 hp.
Attack whom?
Press: ? - help, Dir - move target cursor, f/p - centaur
Aim: a centaur (moderately wounded)
You barely miss the centaur.
The centaur is moderately wounded.
The centaur hits you!
* * * LOW HITPOINT WARNING * * *
Your shadow imp barely misses the hippogriff.
Your ufetubus hits the centaur but does no damage.
Your ufetubus hits the centaur. The hippogriff barely misses you.
The hippogriff misses you. The hippogriff claws you!
You die...

#..##..# ##..#... #...#.#
####### ##..##... #....#
###.....### ##..##....
####...##
#.........###..#####..
........####.........##..##
###
.........)...........#..##
# ......####).....55.....##
#####
###....#####)....c....##
....## ##()...#
##...@H....# #......
##)†#...## #...5.....##
....... #.(##....#
#.......#†.# .......
#(####...#
##....####.##....... ..#
#...# #..### ##(((......
(## ##..# #### #.........
.# ##.# ##........ ## ###
##....... .# ......<


You could see a hippogriff, a centaur, a friendly quasit, a friendly shadow imp
and a friendly ufetubus.

Vanquished Creatures
  Sigmund (D:5)
  An ice beast (D:5)
  2 sky beasts
  A necrophage (D:5)
  An ogre (D:5)
  A big kobold (D:7)
  A gnoll sergeant (D:7)
  A killer bee (D:7)
  A centaur zombie (Ossuary)
  3 crimson imps
  A human zombie (Ossuary)
  2 hounds
  A jelly (D:5)
  2 orc priests (D:6)
  A centaur skeleton (D:5)
  4 worker ants
  A hound zombie (D:5)
  A hound skeleton (D:4)
  5 mummies
  6 gnolls
  5 adders
  2 worms
  2 dart slugs
  2 leopard geckos (D:1)
  12 orcs
  15 giant cockroaches
  3 gnoll zombies (Ossuary)
  2 goblins
  7 hobgoblins
  2 jackals (D:2)
  2 ball pythons
  7 bats
  4 frilled lizards
  A goblin zombie (D:6)
  A hobgoblin zombie (Ossuary)
  12 kobolds
  A kobold zombie (D:6)
  3 leopard gecko skeletons
  2 orc zombies (Ossuary)
  2 quokka zombies (D:5)
  15 rats
139 creatures vanquished.

Vanquished Creatures (collateral kills)
  2 centaurs
  2 killer bees (D:7)
  A bullfrog zombie (D:7)
  An orc priest (D:7)
  A gnoll (D:7)
7 creatures vanquished.

Grand Total: 146 creatures vanquished

Notes
Turn   | Place    | Note
-------+----------+-------------------------------------------
     0 | D:1      | Banto the Demonspawn Gladiator began the quest for the Orb.
     0 | D:1      | Reached XP level 1. HP: 16/16 MP: 1/1
    59 | D:1      | Reached skill level 3 in Polearms
    69 | D:1      | Gained mutation: You have sharp fingernails. [demonic
                  | ancestry]
    69 | D:1      | Reached XP level 2. HP: 15/22 MP: 2/2
   731 | D:1      | Reached XP level 3. HP: 21/27 MP: 3/3
  1096 | D:2      | Reached skill level 4 in Polearms
  1181 | D:2      | Found a hide-covered altar of Uskayaw.
  1639 | D:3      | Reached XP level 4. HP: 32/33 MP: 4/4
  1937 | D:3      | Found a radiant altar of Vehumet.
  2050 | D:3      | Reached skill level 5 in Polearms
  2315 | D:4      | Found an ancient bone altar of Kikubaaqudgha.
  2337 | D:4      | Found a runed door.
  2344 | D:4      | Noticed a bullfrog
  2345 | D:4      | Noticed grizmgrazm2's ghost (amateur OpTm)
  2465 | D:4      | Gained mutation: A weak demonic guardian rushes to your
                  | aid. [demonic ancestry]
  2465 | D:4      | Reached XP level 5. HP: 30/38 MP: 5/5
  2556 | D:4      | Found a white marble altar of Elyvilon.
  2700 | D:4      | Found a burning altar of Makhleb.
  2707 | D:4      | Reached skill level 6 in Polearms
  2935 | D:4      | Gained mutation: Your movements are slightly less
                  | encumbered by armour. (ER -2) [demonic ancestry]
  2935 | D:4      | Reached XP level 6. HP: 42/44 MP: 6/6
  3145 | D:5      | Entered Level 5 of the Dungeon
  3268 | D:5      | Noticed an ice beast
  3282 | D:5      | Killed an ice beast
  3395 | D:5      | Reached skill level 7 in Polearms
  3416 | D:5      | Found a glowing golden altar of the Shining One.
  3418 | D:5      | Found a stormy altar of Qazlal.
  3437 | D:5      | Reached XP level 7. HP: 45/50 MP: 7/7
  3457 | D:5      | Noticed a moth of wrath
  3460 | D:5      | Found a bloodstained altar of Trog.
  3502 | D:5      | Found an ornate altar of the Wu Jian Council.
  3565 | D:5      | Found a glowing silver altar of Zin.
  3566 | D:5      | Found a hazy altar of Hepliaklqana.
  3614 | D:5      | Noticed Sigmund
  3624 | D:5      | Killed Sigmund
  3624 | D:5      | Reached skill level 8 in Polearms
  4025 | D:6      | Found a sand-covered staircase.
  4083 | D:6      | Found a staircase to the Ecumenical Temple.
  4091 | Temple   | Entered the Ecumenical Temple
  4126 | Temple   | Became a worshipper of Warmaster Okawaru
  4185 | Ossuary  | Entered an ossuary
  4284 | Ossuary  | Reached skill level 9 in Polearms
  4284 | Ossuary  | Gained mutation: Your movements are less encumbered by
                  | armour. (ER -4) [demonic ancestry]
  4284 | Ossuary  | Reached XP level 8. HP: 50/56 MP: 8/8
  5002 | D:7      | Reached * piety under Okawaru
  5011 | D:7      | Reached skill level 10 in Polearms
  5231 | D:7      | Noticed a hippogriff
  5269 | D:7      | Slain by a hippogriff

Vault maps used:
D:1:      lightli_arrival_noodles
D:2:      eat_drink_and_be_merry_uskayaw
D:3:      minmay_roachtagon, marbit_many_paths, kennysheep_generic_room_10
D:4:      elyvilon_altar_4, makhleb_grotto_becter,
          nicolae_overflow_crystal_walls, first_ration, ebering_ghost_sewer_d
D:5:      nicolae_overflow_hidden_temple, lemuel_doored_altar, tgw_trog,
          uniq_sigmund
D:6:      minmay_temple_entry_overgrown, nicolae_ossuary_entry_giza
Temple:   cyrus_temple_forest
Ossuary:  ossuary_crypta

Skill      XL: |  1  2  3  4  5  6  7  8 |
---------------+-------------------------+-----
Polearms       | 3 4 5 6 7 9 10 | 10.3
Fighting       | |  2.0
Throwing       | |  1.7
Dodging        | |  2.6

Action                   |  1- 3 |  4- 6 |  7- 9 || total
-------------------------+-------+-------+-------++-------
Melee: Trident           |   168 |   155 |   252 ||   575
  Use: Scroll            |     7 |     7 |     6 ||    20
       Potion            |       |       |     1 ||     1
 Stab: Distracted        |       |     3 |     1 ||     4
  Eat: Chunk             |     3 |     5 |     3 ||    11
       Ration            |       |       |     1 ||     1
Armor: Leather armour    |    12 |       |       ||    12
       Scale mail        |    45 |    59 |    67 ||   171
       Skin              |       |       |    55 ||    55
Dodge: Dodged            |    90 |    71 |   117 ||   278

Table legend:
 A = Non-vault XP
 B = Vault XP
 C = Vault XP percentage of total XP
 D = Non-vault monster count
 E = Vault monster count
 F = Vault count percentage of total count
                 A         B        C        D         E       F
            +---------+---------+-------+---------+---------+-------
      Total |    1792 |     497 |  21.7 |     111 |      35 |  24.0
            +---------+---------+-------+---------+---------+-------
        D:1 |      49 |       0 |   0.0 |      29 |       0 |   0.0
        D:2 |      20 |       0 |   0.0 |       9 |       0 |   0.0
        D:3 |      94 |      24 |  20.3 |      14 |      13 |  48.1
        D:4 |     174 |      47 |  21.3 |      11 |       1 |   8.3
        D:5 |     692 |     228 |  24.8 |      23 |       6 |  20.7
        D:6 |     156 |      20 |  11.4 |       6 |       3 |  33.3
        D:7 |     607 |       0 |   0.0 |      19 |       0 |   0.0
    Ossuary |       0 |     178 | 100.0 |       0 |      12 | 100.0
            +---------+---------+-------+---------+---------+-------

Table legend:
 A = Turns spent in this place as a percentage of turns spent in the entire game.
 B = Non-inter-level travel turns spent in this place as a percentage of non-inter-level travel turns spent in the entire game.
 C = Inter-level travel turns spent in this place as a percentage of turns spent in this place.
 D = Turns resting spent in this place as a percentage of non-inter-level travel turns spent in this place.
 E = Turns spent auto-exploring this place as a percentage of non-inter-level travel turns spent in this place.
 F = Non-inter-level travel turns spent in this place divided by the number of levels of this place that you've seen.
                   A       B       C       D       E      F
               +-------+-------+-------+-------+-------+----------------------
         Total | 100.0 | 100.0 |   3.9 |   5.0 |  64.8 | 562.7
       Dungeon |  95.0 |  95.4 |   3.5 |   5.2 |  67.8 | 689.9
        Temple |   1.3 |   0.7 |  43.9 |   0.0 |   0.0 |  37.0
       Ossuary |   3.8 |   3.9 |   0.0 |   0.0 |   5.6 | 198.0
               +-------+-------+-------+-------+-------+----------------------

Table legend:
 A = Kills in this place as a percentage of kills in entire the game.
 B = Kills by you in this place as a percentage of kills by you in the entire game.
 C = Kills by friends in this place as a percentage of kills by friends in the entire game.
 D = Other kills in this place as a percentage of other kills in the entire game.
 E = Experience gained in this place as a percentage of experience gained in the entire game.
 F = Experience gained in this place divided by the number of levels of this place that you have seen.
                   A       B       C       D       E      F
               +-------+-------+-------+-------+-------+----------------------
         Total | 100.0 | 100.0 | 100.0 |   N/A | 100.0 | 254.3
       Dungeon |  91.8 |  91.4 | 100.0 |   N/A |  92.2 | 301.6
       Ossuary |   8.2 |   8.6 |   0.0 |   N/A |   7.8 | 178.0
               +-------+-------+-------+-------+-------+----------------------
